 Dungeon Crawl Stone Soup version 0.27-a0-1193-g8631133539 (webtiles) character file.

Game seed: 11999361397289332321

658 EnegeticOcto the Magician (level 7, -5/45 HPs)
             Began as a Djinni Earth Elementalist on May 25, 2021.
             Was an Initiate of Makhleb.
             Slain by a sky beast (6 damage)
             ... on level 5 of the Dungeon.
             The game lasted 00:03:43 (437 turns).

EnegeticOcto the Magician (DjEE)                     Turns: 437, Time: 00:03:44

Health: -5/45      AC:  2    Str:  7    XL:     7   Next: 85%
Gold:   72         EV: 12    Int: 18    God:    Makhleb [......] SH:  0 Dex: 14

rFire    + + .     SeeInvis .   d - +0 long sword
rCold    x . .     Faith    .   (no shield)
rNeg     . . .     Spirit   .   c - +0 robe
rPois    ∞         Reflect  .   (no helmet)
rElec    .         Harm     .   (no cloak)
rCorr    .         Rampage  .   (no gloves)
Will     .....                  (boots unavailable)
Stlth    ++........             (no amulet)
HPRegen  0.15/turn              (no ring)
MPRegen  0.00/turn              (no ring)

@: flying
A: sickness immunity, fire resistance 2, cold vulnerability 1, float, innate
caster, hp casting, extra vitality 1
a: Renounce Religion


You were on level 5 of the Dungeon.
You worshipped Makhleb.
Makhleb was noncommittal.
You visited 2 branches of the dungeon, and saw 6 of its levels.

You collected 72 gold pieces.

Inventory:

Hand Weapons
 d - a +0 long sword (weapon)
   (You found it on level 3 of the Dungeon)
Missiles
 b - 32 stones
Armour
 a - a +0 tower shield
   (You found it on level 2 of the Dungeon)
 c - a +0 robe (worn)
Wands
 h - a wand of polymorph (8)
   (You found it on level 4 of the Dungeon)
 i - a wand of flame (17) {@v4}
   (You found it on level 4 of the Dungeon)
Scrolls
 e - a scroll of noise {unknown}
 g - a scroll of immolation {unknown}
 j - a scroll of teleportation {unknown}


   Skills:
 - Level 2.1 Dodging
 - Level 1.5 Stealth
 + Level 6.6 Spellcasting


You couldn't memorise any spells.
You knew the following spells:

 Your Spells              Type           Power      Damage    Failure   Level
a - Sandblast             Erth           58%        2d13      1%          1
b - Stone Arrow           Conj/Erth      58%        3d10      2%          3
c - Petrify               Tmut/Erth      29%        N/A       8%          4
d - Lee's Rapid Deconstr  Erth           14%        3d10*     21%         5
e - Foxfire               Conj/Fire      100%       2x1d9     1%          1
f - Static Discharge      Conj/Air       29%        N/A       1%          2
g - Poisonous Vapours     Pois/Air       58%        N/A       1%          2
p - Passwall              Tmut/Erth      24%        N/A       1%          2
Your spell library was empty.

Dungeon Overview and Level Annotations

Branches:
Dungeon (5/15)             Temple (1/1) D:4

Altars:
Ashenzari
Dithmenos
Fedhas
Gozag
Hepliaklqana
Kikubaaqudgha
Makhleb
Nemelex Xobeh
Okawaru
Qazlal
Ru
Uskayaw
Vehumet

Annotations:
D:4 Ijyb
D:5 1 runed translucent door, Whiskymancer's ghost, novice VSEn


Innate Abilities, Weirdness & Mutations

You are immune to sickness and miasma.
You are immune to poison.
Your flesh is very heat resistant. (rF++)
You are vulnerable to cold. (rC-)
You float through the air rather than walking.
You learn spells naturally, not from books.
Your magical power is your life essence.
You have superior vitality. (+4 HP)


Message History

The kobold throws a stone.
The stone hits you but does no damage.
Casting: Foxfire (safe; 1% risk of failure)
Confirm with . or Enter, or press ? or * to list all spells.
You conjure some foxfire!
* * * LOW HITPOINT WARNING * * *
The foxfire hits the kobold!
You kill the kobold!
Makhleb accepts your kill.
The foxfire hits the kobold!
You kill the kobold!
Makhleb accepts your kill.
Really quaff
f - 2 potions of curing {@q1 !q}?
You feel better.
A kobold comes into view.
It is wielding a +0 whip and quivering poisoned darts.
The foxfire hits the ogre!
The ogre is moderately wounded.
The foxfire hits the ogre!
The ogre is severely wounded.
Casting: Foxfire (safe; 1% risk of failure)
Confirm with . or Enter, or press ? or * to list all spells.
You conjure some foxfire!
* * * LOW HITPOINT WARNING * * *
A sky beast comes into view.
Casting: Foxfire (safe; 1% risk of failure)
Confirm with . or Enter, or press ? or * to list all spells.
You conjure some foxfire!
* * * LOW HITPOINT WARNING * * *
The foxfire hits the ogre.
The ogre is almost dead.
The foxfire hits the ogre.
The ogre is almost dead.
A kobold comes into view. It is wielding a +0 short sword.
Casting: Foxfire (safe; 1% risk of failure)
Confirm with . or Enter, or press ? or * to list all spells.
You conjure some foxfire!
* * * LOW HITPOINT WARNING * * *
The foxfire hits the ogre.
You kill the ogre!
Makhleb accepts your kill.
The foxfire hits the kobold.
You kill the kobold!
Makhleb accepts your kill.
Casting: Foxfire (safe; 1% risk of failure)
Confirm with . or Enter, or press ? or * to list all spells.
You conjure some foxfire!
* * * LOW HITPOINT WARNING * * *
The foxfire hits the sky beast.
The sky beast is lightly wounded.
The foxfire hits the sky beast.
The sky beast is moderately wounded.
The kobold throws a poisoned dart.
The poisoned dart closely misses you.
The poisoned dart closely misses your foxfire.
Casting: Foxfire (safe; 1% risk of failure)
Confirm with . or Enter, or press ? or * to list all spells.
You conjure some foxfire!
* * * LOW HITPOINT WARNING * * *
The foxfire hits the kobold but does no damage.
The foxfire hits the kobold!
You kill the kobold!
Makhleb accepts your kill.
Casting: Foxfire (safe; 1% risk of failure)
Confirm with . or Enter, or press ? or * to list all spells.
You conjure some foxfire!
* * * LOW HITPOINT WARNING * * *
The foxfire hits the sky beast.
The sky beast is moderately wounded.
Casting: Foxfire (safe; 1% risk of failure)
Confirm with . or Enter, or press ? or * to list all spells.
You conjure some foxfire!
* * * LOW HITPOINT WARNING * * *
The foxfire hits the sky beast.
The sky beast is heavily wounded.
The foxfire hits the sky beast but does no damage.
The sky beast is heavily wounded.
The foxfire hits the sky beast.
The sky beast is heavily wounded.
A kobold comes into view.
It is wielding a +0 club and quivering poisoned darts.
Really quaff
f - a potion of curing {@q1 !q}?
You feel better.
The foxfire hits the sky beast.
The sky beast is severely wounded.
The foxfire hits the sky beast but does no damage.
The sky beast is severely wounded.
The sky beast hits you.
* * * LOW HITPOINT WARNING * * *
The sky beast shocks you.
* * * LOW HITPOINT WARNING * * *
Okay, then.
Casting: Foxfire (safe; 1% risk of failure)
Confirm with . or Enter, or press ? or * to list all spells.
Aiming: Sandblast (safe; 1% risk of failure)
Press: ? - help, Shift-Dir - straight line, f - sky beast
Aim: a sky beast (severely wounded, 73% to hit)
The blast of sand hits the sky beast!
The sky beast is almost dead.
The kobold shouts!
* * * LOW HITPOINT WARNING * * *
The sky beast hits you.
* * * LOW HITPOINT WARNING * * *
The sky beast shocks you.
You die...

.### #.# ...## #.##
##..## ######..#
⌠##..## #.......##
..##..## #........#
...##..###.._..._.##
♣!.W#..............#
...##....#...)⌠K.§.#
..##........)))Y@..#
.##........._).._§##
+#........K.......#
............).†.###
.##.....>.####..# .
##.....##.......#
##...###.##.##.#
##### # #.# .# #.# #


You could see a sky beast and 2 kobolds.

Vanquished Creatures
  Menkaure (D:5)
  A water moccasin (D:5)
  A sky beast (D:5)
  2 ogres
  A kobold brigand (D:5)
  A hound (D:5)
  An iguana (D:5)
  3 gnolls (D:4)
  An adder (D:2)
  An orc (D:5)
  A giant cockroach (D:3)
  A goblin (D:4)
  2 hobgoblins
  7 kobolds
  A bat (D:3)
  A rat (D:3)
26 creatures vanquished.

Vanquished Creatures (others)
  66 foxfires
66 creatures vanquished.

Grand Total: 92 creatures vanquished

Notes
Turn   | Place    | Note
-------+----------+-------------------------------------------
     0 | D:1      | EnegeticOcto the Djinni Earth Elementalist began the quest
                  | for the Orb.
     0 | D:1      | Reached XP level 1. HP: 15/15 MP: 0/0
    22 | D:2      | Reached XP level 2. HP: 19/21 MP: 0/0
    69 | D:3      | Reached skill level 3 in Spellcasting
   194 | D:4      | Found a staircase to the Ecumenical Temple.
   197 | D:4      | Noticed an ogre
   197 | D:4      | Noticed Ijyb
   216 | D:4      | Killed an ogre
   217 | D:4      | Reached skill level 4 in Spellcasting
   217 | D:4      | Reached XP level 3. HP: 20/25 MP: 0/0
   217 | D:4      | Learned a level 1 spell: Foxfire
   217 | D:4      | Reached XP level 4. HP: 25/31 MP: 0/0
   217 | D:4      | Reached XP level 5. HP: 29/35 MP: 0/0
   217 | D:4      | Learned a level 2 spell: Static Discharge
   238 | Temple   | Entered the Ecumenical Temple
   277 | Temple   | Became a worshipper of Makhleb the Destroyer
   332 | D:5      | Entered Level 5 of the Dungeon
   339 | D:5      | Reached XP level 6. HP: 25/40 MP: 0/0
   358 | D:5      | Noticed Whiskymancer's ghost (novice VSEn)
   360 | D:5      | Found a runed translucent door.
   361 | D:5      | Noticed Menkaure
   362 | D:5      | Noticed a water moccasin
   369 | D:5      | Killed a water moccasin
   370 | D:5      | Reached skill level 5 in Spellcasting
   373 | D:5      | Killed Menkaure
   374 | D:5      | Reached XP level 7. HP: 12/45 MP: 0/0
   374 | D:5      | Learned a level 2 spell: Poisonous Vapours
   379 | D:5      | Found a sacrificial altar of Ru.
   380 | D:5      | Found a blossoming altar of Fedhas.
   389 | D:5      | Found a broken altar of Ashenzari.
   389 | D:5      | Found a stormy altar of Qazlal.
   418 | D:5      | Reached skill level 6 in Spellcasting
   437 | D:5      | HP: 1/45 [sky beast (3)]
   437 | D:5      | Slain by a sky beast

Illustrated notes

Levels and vault maps discovered:
D:1:      dpeg_arrival_fog, layout_basic
D:2:      layout_basic, basic_ecumenical_altar
D:3:      layout_loops_ring
D:4:      layout_cave_pools, minmay_temple_entry_overgrown, dk_noncrumbling_3,
          uniq_ijyb
D:5:      layout_loops_corners, grunt_temple_overflow_open,
          hellmonk_ghost_happy_afterlife, grunt_ministairs_8,
          kb_lookout_dungeons_type, uniq_menkaure
Temple:   eino_temple_scatter_basement

Skill      XL: |  1  2  3  4  5  6  7 |
---------------+----------------------+-----
Spellcasting   | 4 5 6 |  6.6
Dodging        | |  2.1
Stealth        | |  1.5

Action                   |  1- 3 |  4- 6 |  7- 9 || total
-------------------------+-------+-------+-------++-------
Melee: Long sword        |     4 |       |       ||     4
 Cast: Sandblast         |    14 |     1 |     2 ||    17
       Foxfire           |       |    16 |    18 ||    34
       Stone Arrow       |       |     3 |     1 ||     4
  Use: Potion            |       |       |     4 ||     4
Armor: Robe              |     2 |       |     2 ||     4
Dodge: Dodged            |     5 |       |     3 ||     8

Table legend: (Time is in decaauts)
 A = Elapsed time spent in this place.
 B = Non-inter-level travel time spent in this place.
 C = Inter-level travel time spent in this place.
 D = Time resting spent in this place.
 E = Time spent auto-exploring this place.
 F = Levels seen in this place.
 G = Mean time per level.
                   A        B        C        D        E       F      G
               +--------+--------+--------+--------+--------+-----+--------+
         Total |    437 |    435 |      2 |      0 |      0 |   6 |   72.8 |
       Dungeon |    384 |    382 |      2 |      0 |      0 |   5 |   76.8 |
        Temple |     52 |     52 |      0 |      0 |      0 |   1 |   52.0 |
               +--------+--------+--------+--------+--------+-----+--------+

Top non-repeatable levels by time:
     D:3: 130 daAuts
     D:4: 126 daAuts
     D:5: 104 daAuts
  Temple: 52 daAuts
     D:2: 20 daAuts
     D:1: 2 daAuts
